 Dungeon Crawl Stone Soup version 0.20-a0-1122-gb7cbeb9 (webtiles) character file.

9320 inmateoo the Covert (level 11, -3/47 HPs)
             Began as a Vine Stalker Necromancer on May 11, 2017.
             Was a High Priest of Okawaru.
             Killed by divine providence
             ... invoked by a meliai
              (11 damage)
             ... on level 10 of the Dungeon.
             The game lasted 00:28:24 (8645 turns).

inmateoo the Covert (Vine Stalker Necromancer)      Turns: 8645, Time: 00:28:24

Health: -3/47      AC: 14    Str: 14    XL:     11   Next: 44%
Magic:  0/22       EV: 16    Int: 16    God:    Okawaru [*****.]
Gold:   377        SH:  0    Dex: 21    Spells: 9/24 levels left

rFire    . . .     SeeInvis .   B - +4 rapier "Kystaoq" {pierce, rElec Dex+4}
rCold    . . .     Gourm    .   (no shield)
rNeg     . . .     Faith    .   F - +3 scale mail of the Game of Life {Str+3}
rPois    +         Spirit   +   d - +0 helmet
rElec    +         Reflect  .   o - +1 cloak
rCorr    .         Harm     .   (no gloves)
MR       +....                  s - +1 pair of boots
Stlth    ++++......             (no amulet)
Regen    1.0/turn               h - ring of poison resistance
MPRegen  0.2/turn               (no ring)

@: no status effects
A: fangs 3, repulsion field 1, blurry vision 1, regeneration 2, magic shield,
antimagic bite, no potion heal 3, rot immunity, MP-powered wands, sturdy frame 1
a: Heroism, Finesse, Renounce Religion


You were on level 10 of the Dungeon.
You worshipped Okawaru.
Okawaru was extremely pleased with you.
You were not hungry.

You visited 2 branches of the dungeon, and saw 11 of its levels.

You collected 711 gold pieces.
You spent 334 gold pieces at shops.

Inventory:

Hand Weapons
 j - a +5 short sword of freezing
 k - a +2 dagger of protection
 B - the +4 rapier "Kystaoq" (weapon) {pierce, rElec Dex+4}
   (You bought it in a shop on level 8 of the Dungeon)

   It inflicts extra damage upon your enemies.
   It affects your dexterity (+4).
   It insulates you from electricity.
 H - a +4 scimitar of flaming
Missiles
 l - 17 tomahawks (quivered)
 n - 7 steel javelins
 w - 15 tomahawks of dispersal
Armour
 d - a +0 helmet (worn)
 o - a +1 cloak (worn)
 s - a +1 pair of boots (worn)
 F - the +3 scale mail of the Game of Life (worn) {Str+3}
   (You found it on level 9 of the Dungeon)

   It affects your strength (+3).
Jewellery
 h - a ring of poison resistance (left hand)
Wands
 f - a wand of random effects (25/48)
 i - a wand of lightning (12/15)
 z - a wand of paralysis (20/24)
 A - a wand of disintegration (2/24)
Scrolls
 m - 3 scrolls of fear
 p - 2 scrolls of fog
 r - 2 scrolls of teleportation
 u - a scroll of recharging
 x - a scroll of remove curse {unknown}
 y - 2 scrolls of amnesia
 E - 4 scrolls of blinking
Potions
 a - 3 potions of haste
 e - a potion of brilliance
 g - 3 potions of curing
 q - 3 potions of flight
 t - a potion of agility
 C - a potion of ambrosia
 D - a potion of might
 G - a potion of mutation {unknown}
Books
 b - a book of Necromancy

   Spells                             Type                      Level
   a - Pain                           Necromancy                   1
   b - Animate Skeleton               Necromancy                   1
   c - Vampiric Draining              Necromancy                   3
   d - Regeneration                   Charms/Necromancy            3
   e - Animate Dead                   Necromancy                   4
   f - Control Undead                 Necromancy                   4
Comestibles
 c - 6 bread rations
 v - 15 fruits


   Skills:
 * Level 8.3 Short Blades
 + Level 5.7 Dodging
 * Level 12.3 Stealth
 + Level 7.1 Spellcasting
 + Level 8.0 Necromancy


You had 9 spell levels left.
You knew the following spells:

 Your Spells              Type           Power        Failure   Level  Hunger
a - Pain                  Necr           ####         1%          1    None
c - Regeneration          Chrm/Necr      ###.......   19%         3    ##.....
d - Vampiric Draining     Necr           ####......   3%          3    ##.....
e - Animate Dead          Necr           N/A          12%         4    ####...
f - Control Undead        Necr           ####......   12%         4    ####...


Dungeon Overview and Level Annotations

Branches:
Dungeon (10/15)            Temple (1/1) D:6            Lair (0/6) D:9
    Orc (0/2) D:10

Altars:
Ashenzari
Cheibriados
Dithmenos
Elyvilon
Fedhas
Gozag
Hepliaklqana
Kikubaaqudgha
Makhleb
Nemelex Xobeh
Okawaru
Qazlal
Ru
Sif Muna
Trog
Uskayaw
Vehumet
Wu Jian
Xom
Yredelemnul
Zin
The Shining One

Shops:
D:4 :[(   D:5 (   D:8 (%(   D:10 [(

Annotations:
D:4 Graouh's ghost, amateur MiFi


Innate Abilities, Weirdness & Mutations

You have razor-sharp teeth.
You heal very quickly.
When hurt, damage is shared between your health and your magic reserves.
Your bite disrupts and absorbs the magic of your enemies.
Potions cannot restore your health.
You are immune to rotting.
You are surrounded by a mild repulsion field. (EV +2)
Scrolls take you a little longer to read.
You expend magic power (3 MP) to strengthen your wands.
Your movements are slightly less encumbered by armour. (ER -2)


Message History

Something smites you!
* * * LOW HITPOINT WARNING * * *
Unknown command.
You swap places.
The meliai hits your troll zombie with a war axe!
The meliai stings your troll zombie!
Your troll zombie is destroyed!
Erica hits the meliai.
Unknown command.
Unknown command.
Unknown command.
You swap places.
The meliai hits Erica with a war axe!
The meliai stings Erica.
The meliai hits Erica with a war axe!
The meliai stings Erica.
Erica closely misses the meliai.
Unknown command.
Unknown command.
Unknown command.
The meliai invokes the aid of its god against you.
Something smites you!
You die...

..∩.>.∩...# #..##.###
..........#####..##.#
.................Z.Z# #
.................#### .#
##.#..........#.######...#
##.#..###.###.#.......#..
......# ........#####.#
##.##.# .###.#...ZZyy.#
#.##( .# #.#.@######Z..#
#.# # #..# ... ##.# #... .
...##.## ##.#. ).......
...#. ######## #.. #> ...
.. #?.. ..


You could see 2 meliai, a friendly ogre zombie and the friendly Erica the human
zombie.

Vanquished Creatures
  Erica (D:10)
  2 two-headed ogres
  An unseen horror (D:10)
  Pikel (D:8)
  Joseph (D:8)
  A troll (D:10)
  A hippogriff (D:3)
  A slime creature (D:6)
  A wyvern (D:9)
  4 yaks (D:9)
  Edmund (D:5)
  2 hell hounds (D:9)
  A water moccasin (D:6)
  3 ice beasts
  2 orc warriors
  2 sky beasts
  A black bear (D:10)
  6 ogres
  4 phantoms
  2 centaurs
  4 big kobolds
  9 bullfrogs
  A scorpion (D:4)
  6 killer bees (D:7)
  A howler monkey (D:4)
  4 wights (D:6)
  A centaur zombie (D:6)
  A crimson imp (D:10)
  3 bullfrog zombies
  3 hounds
  4 jellies (D:6)
  9 orc priests
  10 orc wizards
  3 iguanas
  2 hell rats (D:7)
  A worker ant (D:7)
  A hound skeleton (D:4)
  9 adders
  8 gnolls
  7 river rats (D:7)
  2 shadow imps
  2 adder zombies
  18 oozes (D:6)
  2 worms
  A dart slug (D:1)
  8 leopard geckos
  27 orcs
  4 giant cockroaches
  6 goblins
  10 hobgoblins
  8 jackals
  11 quokkas
  A ball python (D:1)
  A ball python zombie (D:5)
  3 bats
  6 frilled lizards (D:1)
  14 kobolds
  A leopard gecko zombie (D:6)
  21 rats
271 creatures vanquished.

Vanquished Creatures (collateral kills)
  A wyvern (D:9)
  A sky beast (D:9)
  An ooze (D:6)
  A hobgoblin (D:3)
4 creatures vanquished.

Vanquished Creatures (others)
  2 slaves (D:8)
  An orc (D:9)
  2 jackals (D:8)
  4 fungi (D:6)
9 creatures vanquished.

Grand Total: 284 creatures vanquished

Notes
Turn   | Place    | Note
-------+----------+-------------------------------------------
     0 | D:1      | inmateoo the Vine Stalker Necromancer began the quest for the Orb.
     0 | D:1      | Reached XP level 1. HP: 9/9 MP: 4/4
   274 | D:1      | Reached skill level 3 in Stealth
   274 | D:1      | Reached XP level 2. HP: 10/13 MP: 4/6
   386 | D:1      | Learned a level 1 spell: Animate Skeleton
   793 | D:1      | Reached XP level 3. HP: 8/16 MP: 3/7
  1355 | D:1      | Learned a level 3 spell: Regeneration
  1506 | D:2      | Found a deep blue altar of Sif Muna.
  1976 | D:3      | Gained mutation: Your natural rate of healing is unusually fast. [Vine Stalker growth]
  1976 | D:3      | Reached XP level 4. HP: 21/21 MP: 7/9
  2156 | D:3      | Found an opulent altar of Gozag.
  2160 | D:3      | Noticed a hippogriff
  2209 | D:2      | Learned a level 3 spell: Vampiric Draining
  2234 | D:3      | You fall through a shaft!
  2308 | D:4      | Reached skill level 1 in Short Blades
  2319 | D:4      | Found Naimaf's Antique Weapon Shop.
  2320 | D:4      | Found Vyoganug's Book Boutique.
  2348 | D:4      | Bought a glowing dagger for 100 gold pieces
  2400 | D:4      | Noticed Graouh's ghost (amateur MiFi)
  2430 | D:5      | Entered Level 5 of the Dungeon
  2450 | D:4      | Noticed an ogre
  2493 | D:4      | Found Ticit's Antique Armour Emporium.
  2613 | D:4      | Reached skill level 4 in Stealth
  2613 | D:4      | Reached XP level 5. HP: 23/24 MP: 10/10
  2695 | D:5      | Noticed an ogre
  2735 | D:6      | Noticed a centaur
  2742 | D:6      | Killed a centaur
  2742 | D:6      | Reached XP level 6. HP: 23/28 MP: 7/12
  2789 | D:6      | Reached skill level 5 in Stealth
  2908 | D:6      | Reached XP level 7. HP: 32/32 MP: 7/13
  3010 | D:6      | Reached skill level 5 in Necromancy
  3113 | D:5      | Noticed Edmund
  3133 | D:6      | Reached skill level 6 in Stealth
  3222 | D:6      | Found a staircase to the Ecumenical Temple.
  3237 | Temple   | Entered the Ecumenical Temple
  3271 | Temple   | Became a worshipper of Warmaster Okawaru
  3407 | D:5      | Gained mutation: You have razor-sharp teeth. [Vine Stalker growth]
  3407 | D:5      | Reached XP level 8. HP: 21/36 MP: 13/15
  3442 | D:5      | Learned a level 4 spell: Animate Dead
  3623 | D:5      | Reached * piety under Okawaru
  3632 | D:5      | Found Dimofi Mera's Weapon Shop.
  3648 | D:5      | Reached skill level 7 in Stealth
  3711 | D:5      | Found a shattered altar of Ashenzari.
  3722 | D:5      | Gained mutation: Your movements are slightly less encumbered by armour. (ER -2) [mutagenic meat]
  3723 | D:5      | Gained mutation: You expend magic power (3 MP) to strengthen your wands. [mutagenic meat]
  3724 | D:5      | Gained mutation: Scrolls take you a little longer to read. [mutagenic meat]
  3725 | D:5      | Gained mutation: You heal very quickly. [mutagenic meat]
  3726 | D:5      | Gained mutation: You are surrounded by a mild repulsion field. (EV +2) [mutagenic meat]
  3835 | D:5      | Killed Edmund
  3915 | D:5      | Found a snail-covered altar of Cheibriados.
  3915 | D:5      | Found a faded altar of an unknown god.
  3924 | D:5      | Found a faded altar of an unknown god.
  3926 | D:5      | Found a sparkling altar of Nemelex Xobeh.
  3927 | D:5      | Found a hide-covered altar of Uskayaw.
  4403 | D:4      | Reached skill level 8 in Stealth
  4532 | D:4      | Learned a level 4 spell: Control Undead
  4631 | D:4      | Reached XP level 9. HP: 39/39 MP: 17/17
  5001 | D:3      | Found a shadowy altar of Dithmenos.
  5109 | D:3      | Reached skill level 5 in Short Blades
  5270 | D:3      | Reached skill level 5 in Spellcasting
  5725 | D:6      | Reached ** piety under Okawaru
  5740 | D:6      | Reached skill level 9 in Stealth
  6262 | D:7      | Reached *** piety under Okawaru
  6301 | D:7      | Reached XP level 10. HP: 18/44 MP: 16/19
  6344 | D:7      | Reached skill level 10 in Stealth
  7104 | D:8      | Found Xaje's Weapon Emporium.
  7151 | D:8      | Noticed Pikel
  7153 | D:8      | Noticed Joseph
  7167 | D:8      | Killed Pikel
  7167 | D:8      | Reached **** piety under Okawaru
  7198 | D:8      | Killed Joseph
  7198 | D:8      | Reached skill level 5 in Dodging
  7206 | D:8      | Found Osey's Food Boutique.
  7240 | D:8      | Noticed a two-headed ogre
  7276 | D:8      | Killed a two-headed ogre
  7276 | D:8      | Reached skill level 11 in Stealth
  7419 | D:8      | Found Tugguf's Antique Weapon Shop.
  7425 | D:8      | Bought an ancient rapier for 234 gold pieces
  7425 | D:8      | Identified the +4 rapier "Kystaoq" {pierce, rElec Dex+4} (You bought it in a shop on level 8 of the Dungeon)
  7520 | D:8      | Found a basalt altar of Yredelemnul.
  7520 | D:8      | Found an ornate altar of the Wu Jian Council.
  7728 | D:9      | Found an ancient bone altar of Kikubaaqudgha.
  7766 | D:9      | Reached ***** piety under Okawaru
  7802 | D:9      | Got a faintly humming scale mail
  7813 | D:9      | Identified the +3 scale mail of the Game of Life {Str+3} (You found it on level 9 of the Dungeon)
  7935 | D:9      | Found a white marble altar of Elyvilon.
  7950 | D:9      | Found a staircase to the Lair.
  7952 | D:9      | Noticed a two-headed ogre
  7990 | D:9      | Killed a two-headed ogre
  7990 | D:9      | Reached XP level 11. HP: 41/47 MP: 22/22
  8083 | D:9      | Reached skill level 12 in Stealth
  8418 | D:10     | Entered Level 10 of the Dungeon
  8463 | D:10     | Found Hamn's Armour Boutique.
  8464 | D:10     | Found a staircase to the Orcish Mines.
  8466 | D:10     | Found Zudokkump's Weapon Boutique.
  8496 | D:10     | Noticed Erica
  8512 | D:10     | Killed Erica
  8512 | D:10     | Received a gift from Okawaru
  8602 | D:10     | Killed an unseen horror
  8645 | D:10     | Killed from afar by a meliai

Vault maps used:
D:1:      sevenhm_arrival_forest_fort_large_1
D:2:      lemuel_blue_sif_altar, first_bread
D:3:      nicolae_overflow_hidden_temple, lemuel_doored_altar,
          kennysheep_flooded_box
D:4:      serial_shops, kennysheep_mini_moat, shop, shop_coins
D:5:      chequers_temple_overflow_minitemple, serial_shops, shop,
          ashenzari_altar_1, uniq_edmund
D:6:      lemuel_slime, minmay_temple_entry_steel_oval, minivault_22
D:7:      lemuel_ratsnest, minmay_unpleasant_kobolds
D:8:      gammafunk_temple_overflow_statue, serial_shops, kennysheep_little_box,
          shop, nicolae_shop_behind_doors, uniq_pikel, uniq_joseph
D:9:      lemuel_crystal_altar, kennysheep_mini, minmay_lair_entry_lava
D:10:     orc_david_3, hangedman_pestilent_swarm, minmay_liquid_box,
          nicolae_wwwww, evilmike_surprise_oklob, uniq_erica
Temple:   chequers_temple_sunken

Skill      XL: |  1  2  3  4  5  6  7  8  9 10 11 |
---------------+----------------------------------+-----
Stealth        | 3 4 5 6 8 9 11 12 | 12.3
Short Blades   | 1 2 3 4 6 7 8 |  8.3
Dodging        | 2 3 4 5 |  5.7
Spellcasting   | 3 4 5 6 7 |  7.1
Necromancy     | 5 6 7 8 |  8.0

Action                   |  1- 3 |  4- 6 |  7- 9 | 10-12 || total
-------------------------+-------+-------+-------+-------++-------
Melee: Bite              |    18 |    21 |    97 |   111 ||   247
       Unarmed           |     1 |       |       |       ||     1
       Short sword       |    85 |    39 |   384 |   225 ||   733
       Dagger            |       |    60 |    25 |       ||    85
       Rapier            |       |       |       |   174 ||   174
Throw: Tomahawk          |       |     1 |       |       ||     1
 Cast: Pain              |    24 |    10 |     3 |       ||    37
       Animate Skeleton  |     1 |       |     5 |       ||     6
       Regeneration      |       |     2 |    13 |    12 ||    27
       Animate Dead      |       |       |     4 |     4 ||     8
Evoke: Wand              |       |       |     6 |     2 ||     8
  Use: Scroll            |     5 |     1 |     7 |     3 ||    16
       Potion            |       |     3 |       |       ||     3
 Stab: Sleeping          |     5 |     2 |    12 |     5 ||    24
       Paralysed         |       |       |     2 |       ||     2
       Distracted        |       |       |     2 |     6 ||     8
  Eat: Chunk             |     4 |       |    17 |     8 ||    29
       Bread ration      |       |     1 |       |       ||     1
       Meat ration       |       |       |       |     1 ||     1
Armor: Robe              |    21 |    36 |    26 |       ||    83
       Leather armour    |       |       |    26 |    29 ||    55
       Scale mail        |       |       |       |    36 ||    36
Dodge: Dodged            |    57 |    79 |   234 |   237 ||   607
